[Event "Israeli Championship 2022"]
[Site "Yosiah Arad"]
[Date "2022.12.06"]
[Round "2.10"]
[White "Bronstein, Or"]
[Black "Kupervaser, Erez"]
[Result "1-0"]
[ECO "D30"]
[WhiteElo "2442"]
[BlackElo "2331"]
[Annotator "TA"]
[PlyCount "65"]
[EventDate "2022.12.05"]
[EventType "swiss"]
[EventCountry "ISR"]
[SourceTitle "playchess.com"]
[Source "ChessBase"]
[SourceQuality "1"]
[TimeControl "40/5400+30:1800+30"]

1. d4 d5 2. c4 c6 3. Nf3 Nf6 4. e3 e6 5. b3 Be7 6. Bb2 O-O 7. Bd3 b6 8. O-O Bb7 9. Nbd2 Nbd7 10. Ne5 {[%emt 0:18:56] D30: Queen's Gambit Declined: Systems without Nc3.} dxc4 11. Ndxc4 c5 $1 12. Qe2 {[%emt 0:01:12] The position is equal.} Qc7 13. Rac1 Rad8 {[%emt 0:03:45] [#]} 14. Rfd1 $146 (14. Nxd7 {simplifies} Nxd7 15. f4 g6 16. dxc5 Nxc5 17. Ne5) ({Predecessor:} 14. f4 Qb8 15. Bb1 Ba8 16. Nxd7 Rxd7 17. dxc5 Bxc5 18. Bxf6 gxf6 19. Qh5 f5 20. Qg5+ {½-½ (20) Priehoda,V (2365)-Skomorokhin,R (2460) Wattens 1995}) 14... Qb8 15. Nxd7 Nxd7 16. Qh5 {[%emt 0:08:40][%csl Gd3][%cal Rh5h7] [#]} g6 17. Qh3 Bf6 (17... b5 $5 18. Nd2 cxd4 $11) 18. Ba3 (18. Qg3 {simplifies} Qxg3 19. hxg3 cxd4 20. exd4 Bg5 21. Ne3) 18... Bd5 19. Nd2 Rfe8 (19... Be7 {is interesting.} 20. Qh6 Rfe8 21. Bb5 Bf8) 20. Ne4 Be7 21. Bb2 cxd4 22. Bxd4 e5 23. Bb2 Nc5 ({Better is} 23... Qb7 $11) 24. Nxc5 $14 Bxc5 25. Bb5 {[%emt 0:01:25] Inhibits f6.} Be6 ({Black should play} 25... Re6) 26. Qg3 $16 {[%emt 0:07:40] White is more active.} f6 (26... Rxd1+ $16 27. Rxd1 Rc8) 27. Bxe8 $18 Rxe8 28. Qh4 Kg7 29. Qa4 Kf7 30. Ba3 Bxa3 31. Qxa3 Qb7 (31... Re7 $142 32. Rc6 Rd7) 32. Qd6 {[%emt 0:01:07] [#] Strongly threatening Rc7+.} Re7 {[%emt 0:00:05] Inhibits Rc7.} 33. Rc6 {[%emt 0:00:48] Weighted Error Value: White=0.09 (flawless) /Black=0.29 (precise)} 1-0

[Event "Israeli Championship 2022"]
[Site "Yosiah Arad"]
[Date "2022.12.06"]
[Round "2.11"]
[White "Rozen, Eytan"]
[Black "Sitbon, Itay"]
[Result "1-0"]
[ECO "A20"]
[WhiteElo "2459"]
[BlackElo "2092"]
[Annotator "TA"]
[PlyCount "77"]
[EventDate "2022.12.05"]
[EventType "swiss"]
[EventCountry "ISR"]
[SourceTitle "playchess.com"]
[Source "ChessBase"]
[SourceQuality "1"]
[TimeControl "40/5400+30:1800+30"]

1. c4 e5 2. e3 Nf6 3. a3 c6 4. Nf3 e4 5. Nd4 d5 6. cxd5 {[%emt 0:01:39] A20: English Opening: 1...e5.} cxd5 7. d3 exd3 8. Bxd3 {[%emt 0:00:10] The position is equal.} Nc6 9. Nxc6 bxc6 10. Qc2 Bd7 11. b3 Bd6 12. Bb2 O-O 13. Nd2 Re8 {[%emt 0:02:11] [#]} 14. O-O $146 ({Predecessor:} 14. Bf5 Rc8 15. O-O Bxf5 16. Qxf5 Re6 17. g3 Nd7 18. e4 g6 19. Qh3 dxe4 20. Rad1 {0-1 (65) Bayram,Y (2268)-Citak,S (2340) Kocaeli 2014}) 14... Rb8 15. h3 Qc8 16. Bxf6 gxf6 17. Qd1 (17. Bxh7+ Kg7 18. Bd3 Bxh3 $1 $17) 17... Re5 {[%emt 0:04:07][%cal Od7h3] Against Qh5} (17... Bxh3 {is more complex.} 18. Qf3 Bg4 19. Qxf6 Qe6) 18. Qf3 {[%emt 0:00:00] Threatening Qg3+.} Be7 ({Better is} 18... Qf8 $11) 19. Qf4 $14 Rg5 20. Nf3 Rg7 21. Nd4 $1 c5 {[%emt 0:08:09] Inhibits b4.} (21... Bxh3 $2 22. Bf5 Rxg2+ 23. Kh1 $18) (21... Bf8 $142) 22. Nf5 $16 {[%emt 0:00:00] White is more active.} Bxf5 23. Bxf5 Qd8 24. Rab1 Bd6 {[%emt 0:00:21] [#]} 25. Qf3 Bc7 (25... d4 $16 {was worth a try.} 26. exd4 cxd4) 26. Rfd1 $18 d4 27. b4 Qd6 28. g3 {[%emt 0:00:00] Threatens to win with bxc5.} Qe5 29. bxc5 Rg5 30. Rxb8+ (30. exd4 Qxf5 31. Rxb8+ Bxb8 $18) 30... Bxb8 31. e4 (31. exd4 Qxf5 32. Qa8 Kg7 33. Qxb8 Qd7 $18) (31. g4 $18 dxe3 32. Kf1 (32. fxe3 Kh8 $16) 32... exf2 33. h4 (33. Qxf2 Kh8 $16) (33. Rd8+ Kg7 $11)) 31... Qxc5 $16 32. h4 Rg7 33. Qd3 Be5 {[%emt 0:01:10] [#]} (33... Bc7 $16 34. Kg2 (34. Qxd4 Qxd4 35. Rxd4 Rxg3+ 36. fxg3 Bb6 $14) 34... Qc3 35. Qxc3 (35. Qxd4 Rxg3+ 36. fxg3 Qxg3+ 37. Kf1 Qf3+ 38. Ke1 Bb6 $11) 35... dxc3) 34. Rd2 $1 $18 {[%emt 0:00:00][%cal Bd1d2,Bd2c2,Bc2c8][%mdl 32] Hoping for Rc2.} Kh8 35. Rc2 {[%emt 0:00:00] Inhibits Qc3.} Qa5 36. Qd1 {[%emt 0:00:00] White threatens Rc8+ and mate.} Qb6 $2 (36... Bc7 $18 37. Kg2 (37. Qxd4 Rxg3+ 38. Kf1 Be5 $16) 37... Qe5) 37. Rc8+ {[%emt 0:00:00] White mates.} Rg8 38. Qh5 Qb1+ 39. Kg2 {[%emt 0:11:00] Weighted Error Value: White=0.16 (very precise) /Black=0.41} 1-0

[Event "Israeli Championship 2022"]
[Site "Yosiah Arad"]
[Date "2022.12.06"]
[Round "2.12"]
[White "Levin, Guy"]
[Black "Ben-Menachem, Itzhak"]
[Result "1-0"]
[ECO "A36"]
[WhiteElo "2382"]
[BlackElo "2291"]
[Annotator "TA"]
[PlyCount "69"]
[EventDate "2022.12.05"]
[EventType "swiss"]
[EventCountry "ISR"]
[SourceTitle "playchess.com"]
[Source "ChessBase"]
[SourceQuality "1"]
[TimeControl "40/5400+30:1800+30"]

1. c4 c5 2. g3 g6 3. Bg2 Bg7 4. Nc3 Nc6 5. b3 e6 6. Ba3 {[%emt 0:00:18] A36: Symmetrical English vs ...g6: 4 Bg2 Bg7.} d6 7. e3 Nge7 8. Nge2 {[%emt 0:00:27] The position is equal.} O-O 9. O-O e5 {[%emt 0:10:37] [#] Prevents d4.} 10. Rb1 $146 ({Predecessor:} 10. d3 Be6 11. Nd5 Qd7 12. Bb2 Bh3 13. Bxh3 Qxh3 14. Nec3 Rad8 15. Qf3 Nxd5 16. Nxd5 f5 17. Qg2 Qxg2+ 18. Kxg2 Rf7 19. e4 f4 20. f3 fxg3 21. hxg3 {1-0 (45) Caruana,F (2781)-Abdusattorov,N (2651) Chess.com INT 2022}) 10... Be6 11. d3 Qd7 12. Nd5 Bh3 13. Bxh3 Qxh3 14. b4 b6 15. Nec3 (15. Qa4 {is interesting.} Qf5 16. e4 Qf3 17. Nxe7+ Nxe7 18. Qd1) 15... Nxd5 16. Nxd5 Qd7 17. bxc5 dxc5 18. e4 f5 19. f3 fxe4 20. dxe4 {[%emt 0:00:54][%cal Od5f6] Strongly threatening Nf6+!} Qh3 21. Bb2 Rf7 22. a4 Raf8 23. Qe2 (23. Bc3 {seems wilder.} Nd8 24. a5 Ne6 25. axb6 axb6 26. Qe2) 23... Qe6 24. Bc3 Kh8 25. Kg2 Re8 (25... g5 $11) 26. Qe3 Bf8 {[%emt 0:01:17] Prevents a5.} 27. f4 (27. a5 {keeps more tension.} bxa5 28. f4 Nd4 29. fxe5 Rxf1 30. Rxf1 Qxe5 31. Rf7) 27... Bg7 {[%emt 0:01:47] [#] Prevents a5.} (27... Nd4 $14) 28. f5 $1 $16 Qd7 {[%emt 0:01:57] [#] This move loses the game for Black.} (28... Qd6 $16) 29. fxg6 $1 $18 (29. f6 Bf8 $16) 29... hxg6 (29... Rxf1 {keeps fighting.} 30. Rxf1 Qd6) 30. Rxf7 {[%emt 0:00:59] Active counter play!} Qxf7 31. Rf1 Qd7 (31... Qg8 32. Qg5 Nd4 33. Qxg6 Re6) 32. Nf6 Bxf6 33. Rxf6 {[%emt 0:00:04][%cal Oe3g5] White wants to mate with Qg5!} Kh7 34. Qg5 Rg8 35. Bd2 {[%emt 0:22:42] Weighted Error Value: White=0.02 (flawless) /Black=0.29 (precise)} ({Not} 35. Bxe5 Nxe5 36. Qxe5 Rg7 $16) 1-0

[Event "Israeli Championship 2022"]
[Site "Yosiah Arad"]
[Date "2022.12.06"]
[Round "2.13"]
[White "Poleg, Matan"]
[Black "Aizenberg, Benny"]
[Result "0-1"]
[ECO "A56"]
[WhiteElo "2291"]
[BlackElo "2375"]
[Annotator "TA"]
[PlyCount "48"]
[EventDate "2022.12.05"]
[EventType "swiss"]
[EventCountry "ISR"]
[SourceTitle "playchess.com"]
[Source "ChessBase"]
[SourceQuality "1"]
[TimeControl "40/5400+30:1800+30"]

1. d4 Nf6 2. c4 c5 3. e3 g6 4. dxc5 Bg7 5. a3 a5 {[%emt 0:02:24] [#]} 6. Ra2 $146 {[%emt 0:04:18] A56: Czech Benoni.} ({Predecessor:} 6. Nc3 Na6 7. Na4 Qc7 8. Nb6 Rb8 9. Rb1 Nxc5 10. Nxc8 Rxc8 11. Nf3 a4 12. Nd4 {0-1 (40) Rocher,O (2132)-Debray,F (2134) France 2009}) 6... O-O 7. Nc3 Qc7 (7... Na6 $5 ) 8. b4 (8. Be2 $11) 8... axb4 $15 9. Nb5 (9. axb4 $15 Rxa2 10. Nxa2) 9... Qa5 $17 {[%emt 0:06:00] Threatens to win with ...Ne4.} ({Don't do} 9... Qxc5 10. axb4 $16) 10. Bd2 Ne4 {[%emt 0:02:42][%cal Oe4d2] Strongly threatening ...Nxd2!} 11. Bxb4 {[%emt 0:03:37] [#]} Qxb4+ 12. axb4 Rxa2 13. Qb3 {[%emt 0:00:27][%mdl 8192] Against Nc3. Loses the game.} (13. f3 $1 $11 {and White is okay.}) 13... Ra1+ $19 ({Weaker is} 13... Rxf2 14. Ne2 $16) 14. Ke2 {[%emt 0:00:12] [#]} Rxf1 $1 15. f3 Rf2+ 16. Ke1 Rb2 {[%emt 0:00:08] Inhibits Ne2.} 17. Qa3 Nd2 18. Qd3 (18. Qxb2 $142 Nxf3+ 19. Nxf3 Bxb2 20. Kd2) 18... Nc6 {[%emt 0:00:28][%cal Bb8c6,Bc6b4,Bb4d3,Bd3b2,Bb2c4,Bc4e3][%mdl 32] Hoping for ...Nb3. Black is clearly winning.} 19. Nd4 Nxb4 20. Qc3 Nb1 21. Qxb2 Nd3+ 22. Kd1 Nxb2+ 23. Kc2 Nxc4 24. Kxb1 Nxe3 {[%emt 0:00:04] Weighted Error Value: White=0.90/Black=0.30} 0-1

[Event "Israeli Championship 2022"]
[Site "Yosiah Arad"]
[Date "2022.12.06"]
[Round "2.14"]
[White "Shachar, Ehud"]
[Black "Barak, Gil"]
[Result "1-0"]
[ECO "C00"]
[WhiteElo "2319"]
[BlackElo "2147"]
[Annotator "TA"]
[PlyCount "69"]
[EventDate "2022.12.05"]
[EventType "swiss"]
[EventCountry "ISR"]
[SourceTitle "playchess.com"]
[Source "ChessBase"]
[SourceQuality "1"]
[TimeControl "40/5400+30:1800+30"]

1. Nf3 d5 2. g3 Nf6 3. Bg2 c5 4. O-O Nc6 5. d3 e6 6. Nbd2 Be7 7. e4 O-O 8. Re1 Re8 9. e5 {[%emt 0:09:19] C00: French: Unusual White 2nd moves.} Nd7 10. c4 Qc7 11. Qe2 {[%emt 0:01:04] The position is equal.} Nb6 12. h4 Bd7 13. Nf1 dxc4 14. dxc4 Nd4 15. Nxd4 cxd4 16. b3 Bc6 17. h5 (17. Bb2 $14) 17... Rad8 {[%emt 0:07:10] [#]} (17... Bxg2 {simplifies} 18. Kxg2 Qc6+ 19. f3 f6) 18. Qg4 $146 ({Predecessor:} 18. Bf4 Nd7 19. Nh2 Bxg2 20. Kxg2 Qc6+ 21. Kg1 d3 22. Qg4 Kh8 23. Rad1 Nc5 24. h6 {1-0 (40) Jeet,J (1828)-Laimins,L (2123) Riga 2019}) 18... Bxg2 19. Bh6 g6 20. Kxg2 Nd7 $1 21. hxg6 $40 {[%emt 0:04:11][%mdl 128] White mounts an attack.} hxg6 22. Qf4 Bb4 {[%emt 0:28:33] [#]} (22... f5 $11 {keeps the balance.}) 23. Bg5 Qc6+ (23... Bxe1 $11 24. Rxe1 f6 25. Bxf6 Nxf6 26. Qxf6 Qf7) 24. f3 $18 {[%emt 0:01:48][%cal Of4h4] Hoping for Qh4!} Rc8 $2 {[%emt 0:00:00][%mdl 8192] [#] Loses the game.} (24... Bxe1 $16 25. Rxe1 f6 26. Bxf6 (26. exf6 Kf7 $11) 26... Nxf6 27. exf6 Kf7) 25. Nh2 $1 Bxe1 (25... f5 26. exf6) 26. Rxe1 f5 {[%emt 0:00:30] Prevents Ng4.} 27. exf6 {[%emt 0:00:27] f7+ would kill now.} ({Not} 27. Qxd4 Rc7 $15) 27... Kf7 28. Ng4 {[%emt 0:00:25] Prevents e5.} ({Weaker is} 28. Qxd4 e5 29. Qe3 (29. Qxa7 e4 $17) 29... Qb6 $14) 28... Rh8 29. Qxd4 {[%emt 0:01:54] And now Rd1 would win.} Rh5 30. Rd1 Rd8 (30... Rxg5 $142 31. Qxd7+ Qxd7 32. Rxd7+ Kf8 33. Rxb7 Rd8) 31. Qf4 {[%emt 0:01:35][%cal Od1d7] Intending Rxd7+! and mate.} Kf8 32. f7 (32. Ne5 $142 Qc8 33. Bh6+ Kg8 34. Rxd7 Rxd7 35. f7+ Kh7 36. Nxd7 Rf5 37. Nf8+ Qxf8 38. Bxf8) 32... Rc8 33. Bh6+ {[%emt 0:00:28] White mates.} Rxh6 34. Qxh6+ Ke7 35. Qg5+ {[%emt 0:01:40] Weighted Error Value: White=0.34/Black=0.81} (35. Qg7 $142 Rf8 36. Nh6 Qc5 37. Ng8+ Kd8 38. Nf6 Kc7 39. Nxd7 Qf5 40. Nxf8) 1-0

[Event "Israeli Championship 2022"]
[Site "Yosiah Arad"]
[Date "2022.12.06"]
[Round "2.15"]
[White "Uritsky, Yonathan"]
[Black "Streltsov, Alexey"]
[Result "0-1"]
[ECO "C56"]
[WhiteElo "2216"]
[BlackElo "2313"]
[Annotator "TA"]
[PlyCount "78"]
[EventDate "2022.12.05"]
[EventType "swiss"]
[EventCountry "ISR"]
[SourceTitle "playchess.com"]
[Source "ChessBase"]
[SourceQuality "1"]
[TimeControl "40/5400+30:1800+30"]

1. e4 e5 2. Nf3 Nc6 3. Bc4 Nf6 4. d4 exd4 5. e5 d5 6. Bb5 Ne4 7. Nxd4 Bd7 8. Bxc6 bxc6 9. O-O Be7 10. f3 Ng5 {[%emt 0:05:23] C56: Two Knights: 4 d4 exd4 5 0-0 Nxe4.} 11. Be3 c5 12. Nb3 Bb5 ({Black should try} 12... c4 $11 13. Nc5 Bc8) 13. Re1 (13. Rf2 $5 ) 13... d4 {[%emt 0:04:44] [#] Against Nc3} 14. Bxg5 $146 ({Predecessor:} 14. Bf2 Ne6 15. Na3 Ba6 16. Nd2 h5 17. Nac4 h4 18. b3 h3 19. g3 Qd5 20. Qe2 {0-1 (36) Ueter,H (2172)-De Vreugt,D (2369) Nordrheinwestfalen 2011}) 14... Bxg5 15. Na3 (15. a4 {seems wilder.} Be3+ 16. Kh1 Bc4 17. Nxc5 Qh4 18. Ne4) 15... Rb8 16. Nxb5 Rxb5 17. Qd3 Rb6 18. Nxc5 Be3+ 19. Kh1 Rh6 (19... O-O $1 $14) 20. g3 (20. h3 $16) 20... O-O $14 21. Ne4 {[%emt 0:01:58] Prevents Qg5. aiming for c3.} Qc8 22. c3 c5 23. cxd4 (23. Qe2 {simplifies} Qe6 24. Nxc5 Qxe5 25. Ne4) 23... cxd4 24. Rad1 (24. Re2 $5 ) 24... Qe6 $40 {[%emt 0:11:22][%csl LRa2,LRe5][%mdl 128] Black is up to no good.} 25. Nd6 {[%emt 0:09:04] [#]} (25. f4 $1 $11) 25... Qh3 $1 $17 ({But not} 25... Qxa2 26. Nc4 Qa6 27. Nxe3 dxe3 28. Qxa6 (28. Qxe3 Rb6 $16) (28. Rxe3 Qb7 $16) 28... Rxa6 29. Rxe3 $16) (25... Qxe5 26. Nf5 $11) 26. Qe2 (26. Re2 $17 Qxg3 27. Nf5 Qxf3+ 28. Rg2) 26... Qxg3 $19 {[%emt 0:00:11] ( -> ...Bf2)} 27. Qg2 Qxe5 {[%emt 0:01:16] The board is on fire.} 28. Nc4 Qf4 29. Nxe3 dxe3 30. Rd3 Re6 ({Not} 30... Rg6 31. Qe2 $17) 31. Qg3 Qb4 {[%emt 0:00:54] [#] Threatens to win with ...Rg6.} 32. Re2 (32. Rexe3 $142 Qxb2 33. Rxe6 fxe6 34. Rd7) 32... Rfe8 33. Qg4 Qb5 34. Qd4 h6 35. Qd5 Qb6 36. Qd4 Qc6 37. Qd5 Qa6 {[%emt 0:02:50] And now ...Re5 would win.} 38. b4 $2 (38. Qd4) 38... Re5 39. Qd4 Qc6 {[%emt 0:00:24] Weighted Error Value: White=0.55/Black=0.11 (very precise)} 0-1

[Event "Israeli Championship 2022"]
[Site "Yosiah Arad"]
[Date "2022.12.06"]
[Round "2.16"]
[White "Shohat, Yotam"]
[Black "Shimshovich, Asaf"]
[Result "1/2-1/2"]
[ECO "B80"]
[WhiteElo "2294"]
[BlackElo "1941"]
[Annotator "TA"]
[PlyCount "50"]
[EventDate "2022.12.05"]
[EventType "swiss"]
[EventCountry "ISR"]
[SourceTitle "playchess.com"]
[Source "ChessBase"]
[SourceQuality "1"]
[TimeControl "40/5400+30:1800+30"]

1. e4 c5 2. Nf3 e6 3. d4 cxd4 4. Nxd4 Nf6 5. Nc3 d6 6. Be3 a6 7. f3 b5 8. Qd2 Bb7 9. g4 Nfd7 {[%emt 0:00:39] 9...Nfd7 is better than 9...h6.} 10. a3 {[%emt 0:15:08] B80: Sicilian Scheveningen: 6 g3 and 6 Be3, including English Attack.} Nb6 11. Nb3 $1 Nc4 {[%emt 0:15:56] Against Na5} 12. Bxc4 {[%emt 0:00:50] White is slightly better.} bxc4 13. Nd4 {[%emt 0:00:08] White is more active.} Nd7 14. O-O-O {[%emt 0:04:14] [#]} Qa5 $146 ({Predecessor:} 14... Rc8 15. h4 Qa5 16. Kb1 Nb6 17. Rhe1 Na4 18. Nxa4 Qxa4 19. Qc3 Be7 20. g5 O-O {1-0 (44) Chetrari,N (2265)-Garbowski,J (2049) Porec 2015}) 15. Rhe1 Be7 16. f4 O-O (16... Rb8 $11) 17. f5 $16 Nc5 18. g5 {[%emt 0:04:05] Prevents Bf6.} Rfb8 19. fxe6 fxe6 20. h4 $1 Qc7 (20... Bxe4 $2 21. Nxe4 Qb6 22. Qb4 $1 Qxb4 23. axb4 Nxe4 24. Bf4 $18) (20... Qb6 $11 21. Nxe6 Bc6) 21. Qe2 d5 (21... Qd7 $16 {was necessary.}) 22. exd5 $18 Bxd5 {[%emt 0:01:41] [#] Threatens to win with ...Qb7.} (22... exd5 23. Qg4 Re8 24. Nf5) 23. Kb1 $4 (23. Nxe6 $1 $18 {[%mdl 512] avoids the disaster.} Bxe6 24. Bxc5 Bxc5 25. Qxe6+ Kh8 26. Re5 (26. Qxc4 $2 {is the wrong capture.} Be3+ 27. Rxe3 Qxc4 $19)) 23... Qa5 $19 24. Nxd5 exd5 25. Bc1 (25. Bd2 $142 c3 26. Nb3 Nxb3 27. cxb3 (27. Bxc3 $2 {loses.} Qxc3 28. Qe6+ Kh8 $19) 27... cxd2 28. Rxd2) 25... Nb7 $4 {[%emt 0:03:09][%mdl 40960] Weighted Error Value: White=0.46/Black=0.30. An unexpected result.} 1/2-1/2

[Event "Israeli Championship 2022"]
[Site "Yosiah Arad"]
[Date "2022.12.07"]
[Round "3.1"]
[White "Gorodetzky, David"]
[Black "Gorshtein, Ido"]
[Result "0-1"]
[ECO "B12"]
[WhiteElo "2495"]
[BlackElo "2469"]
[Annotator "TA"]
[PlyCount "144"]
[EventDate "2022.12.05"]
[EventType "swiss"]
[EventCountry "ISR"]
[SourceTitle "playchess.com"]
[Source "ChessBase"]
[SourceQuality "1"]
[TimeControl "40/5400+30:1800+30"]

1. e4 c6 2. d4 d5 3. e5 Bf5 4. Nd2 e6 5. Nb3 Nd7 6. Nf3 Qc7 $1 {[%emt 0:03:11][%mdl 4] now scores much better than the old 6...Ne7. B12: Caro-Kann: Advance Variation.} 7. Be2 a6 8. O-O c5 {[%emt 0:00:20] White has an edge.} 9. dxc5 Bxc5 10. Nxc5 Nxc5 11. Nd4 {[%emt 0:02:43] next Nxf5 is good for White.} Ne7 12. f4 Be4 13. Be3 O-O {[%emt 0:09:13] [#]} 14. a4 $146 ({Predecessor:} 14. g4 b5 15. Qe1 Na4 16. Rb1 Nc6 17. b3 Nb6 18. Rc1 Nd7 19. c3 Rac8 20. Qg3 {0-1 (55) Shuvalova,P (2489)-Keymer,V (2591) Chess.com INT 2021}) 14... Nf5 15. Nxf5 exf5 16. a5 Ne6 17. c3 {[%emt 0:04:37] Against d4} g6 18. Bf3 Qc6 19. Ra4 Rad8 20. Rb4 d4 21. cxd4 Bxf3 22. Qxf3 (22. Rxf3 Qe4 $11) 22... Rd5 23. Rb6 Qd7 24. Rc1 Rd8 25. h3 $1 $36 {[%emt 0:00:33][%mdl 2048] White has good play.} Kg7 (25... Qa4 $1 $14) 26. Kh2 $16 Qe7 27. Rc4 h6 (27... Kg8 {was called for.} 28. Rcb4 Qc7 29. Rxb7 Qxa5) 28. Rcb4 R8d7 29. Rb3 {[%emt 0:00:40][%cal Ob6b7] aiming for Rxb7!} Nd8 (29... Qd8 $16 30. Rxb7 Qxa5) 30. Bf2 Kh7 31. Rf6 Ne6 32. Rxb7 Rxd4 (32... Rxb7 {might work better.} 33. Qxd5 Rxb2) 33. Rxd7 $2 (33. Rb6 $1 $18 R4d5 34. Rxa6) 33... Rxd7 $11 34. Be3 Rd3 (34... Kg7 $11) 35. Qe2 (35. b4 $1 $16 ) 35... Rb3 36. Bf2 (36. Bb6 $11 {keeps the balance.}) 36... Qb7 $17 37. Qc2 ({Better is} 37. Bb6 $15) 37... Kg7 (37... Nxf4 $6 38. Bd4 $11) (37... Rxb2 38. Rxf7+ $1 Qxf7 39. Qxb2 Nxf4 40. Qc2 $11) 38. Bb6 {[%emt 0:00:07] [#]} Qd5 39. Rxe6 (39. Qf2 $17) 39... Qxe6 {[%emt 0:00:21][%mdl 4096] Endgame KQR-KQB} ({Worse is} 39... fxe6 40. Qc7+ Kg8 41. Qc8+ Kh7 42. Qc7+ Kh8 43. Qc8+ Kh7 44. Qc7+ Kh8 45. Qc8+ Kh7 $11) 40. Bd8 Rb8 41. Qd3 {[%emt 0:07:22] [#]} Rc8 $1 ({Don't do} 41... Rxb2 42. Bf6+ Kh7 43. Qd8 $18) 42. b3 Qc6 43. Bb6 Qe4 44. Qxe4 fxe4 $19 {[%emt 0:00:02] KR-KB} 45. b4 Rc4 46. Bc5 e3 47. Bxe3 Rxb4 48. Kg3 Ra4 49. Bb6 (49. Bd2 $142) 49... Kf8 50. Kg4 Ke7 51. g3 Ke6 52. Bc7 Rc4 53. Bd8 Rc3 54. Bb6 h5+ 55. Kh4 Kf5 56. Bd8 Rc4 57. Be7 Rd4 58. Bc5 Ra4 59. Bb6 g5+ 60. Kxh5 gxf4 61. gxf4 {[%emt 0:00:07] Black mates.} Rxf4 62. h4 Rc4 ({Not} 62... Kxe5 63. Bc7+ Kf5 64. Bxf4 Kxf4 65. Kh6 $11) 63. Bd8 Kxe5 64. Kg5 Ke6 65. h5 Rd4 66. Bb6 f6+ 67. Kg6 Rg4+ 68. Kh7 Kf7 69. h6 f5 70. Be3 f4 71. Kh8 fxe3 72. h7 Kg6 {[%emt 0:00:02] Black used his chance.   Weighted Error Value: White=0.54/Black=0.15 (very precise)} 0-1

[Event "Israeli Championship 2022"]
[Site "Yosiah Arad"]
[Date "2022.12.07"]
[Round "3.2"]
[White "Parkhov, Yair"]
[Black "Dvoirys, Semen I."]
[Result "1-0"]
[ECO "D87"]
[WhiteElo "2470"]
[BlackElo "2461"]
[Annotator "TA"]
[PlyCount "65"]
[EventDate "2022.12.05"]
[EventType "swiss"]
[EventCountry "ISR"]
[SourceTitle "playchess.com"]
[Source "ChessBase"]
[SourceQuality "1"]
[TimeControl "40/5400+30:1800+30"]

1. d4 Nf6 2. c4 g6 3. Nc3 d5 4. cxd5 Nxd5 5. e4 Nxc3 6. bxc3 Bg7 7. Bc4 c5 8. Ne2 Nc6 9. Be3 O-O 10. O-O Qc7 {[%emt 0:00:18] 10...Bg4 is setting a new trend.} 11. Rc1 Rd8 12. h4 {[%emt 0:00:06][%cal Bh2h4,Bh4h5,Bh5h6][%mdl 32] [#] D87: Exchange Grünfeld: Classical Line: Variations without ...cxd4.} Qb6 $146 ({Predecessor:} 12... Na5 13. Bd3 e5 14. Bg5 Re8 15. dxe5 c4 16. Bc2 Qxe5 17. Rb1 a6 18. Nd4 Qc5 19. a4 Qa3 {½-½ (43) Adhiban,B (2661)-Petrosian,T (2609) Sharjah 2018}) 13. h5 (13. Nf4 {simplifies} e6 14. d5 Ne5 15. Be2) 13... cxd4 14. cxd4 {[%emt 0:00:05] The position is equal.} Nxd4 15. h6 {[%emt 0:01:40] [#]} (15. Bd5 {seems wilder.} Bg4 16. f3 Nxe2+ 17. Qxe2 Bd4 18. Bxd4 Qxd4+ 19. Qf2) 15... Bf6 (15... Bg4 $1 $11 16. f3 (16. hxg7 Nxe2+) 16... Be6 17. hxg7 Bxc4 18. Bxd4 (18. Rxc4 $2 Nxf3+ 19. Kf2 Rxd1 $19) (18. Nxd4 Bxf1 19. Qxf1 Rxd4 $17) 18... Qa6 19. Rxc4 Qxc4) 16. Bd5 $14 e5 {[%emt 0:00:00] Loses the game.} (16... Nxe2+ $1 $14 17. Qxe2 Qb2) 17. Nxd4 $18 exd4 18. Bf4 $36 {[%emt 0:00:06][%mdl 2048] And now Bc7 would win. White is on the roll. White is more active.} Re8 $2 (18... Rf8 $16 19. Qf3 Bh8) 19. Qf3 {[%emt 0:04:04] Bc7 is the strong threat.} (19. Rc7 Be6 $14) 19... Bd8 {[%emt 0:00:00] [#] Prevents Bc7.} 20. Be5 {[%emt 0:17:11][%csl Gd5][%cal Rf3f7][%mdl 576] Prevents Qf6.} Be6 {[%emt 0:00:00] Threatens to win with ...Bxd5.} 21. Rb1 Bxd5 $2 (21... Qc5) 22. Rxb6 ({Weaker is} 22. exd5 Qa6 23. d6 (23. Bxd4 Bg5 $16) 23... Qc6 24. Qxc6 (24. Bxd4 Qxd6 25. Rxb7 Qe6 $16) 24... bxc6 25. Bxd4 Bb6 26. Bxb6 axb6 $16) 22... axb6 23. exd5 ({Not} 23. Bxd4 Bc6 24. Qc3 Re6 $16) 23... Rxe5 24. d6 Rb8 25. Qf4 Rf5 26. Qe4 Bf6 27. f4 {[%emt 0:00:06] White wants to mate with Re1.} Rc5 28. Re1 (28. d7 $142 Rf8 29. Qxb7 Rh5 30. Qxb6 Be7 31. Re1 (31. Qxd4 $2 {perishes.} Bc5 $19) 31... Bc5 32. d8=Q Bxb6 33. Qxb6) 28... Rcc8 29. g4 {[%emt 0:02:51] White mates.} Kf8 30. d7 Rd8 31. Qd5 Kg8 32. Qd6 Bh8 {[%emt 0:00:00] [#]} 33. Qxb8 $3 {[%emt 0:00:11][%mdl 576] Double Attack.   Weighted Error Value: White=0.11 (very precise) /Black=1.12} 1-0